AoeStats
← Banana Cop

Black Forest

510295495Analyzed
4v4 RM · 1d ago on Sep 30, 2026· 47m 15s· 8 players
Game mode
Random Map
Map size
Large (8 player)
Population
200
Speed
Normal
Resources
Standard
Victory
Conquest
Starting age
Dark Age
Ending age
Imperial Age
RankedLock teamsTeams togetherTeam positionsShared explorationLock speedFull tech treeHidden civsTurbo modeCheats
Victory
Defeat
🇩🇪 Khmer · Germany
866
+14
🇩🇪 Mongols · Germany
864
+14
🇹🇷 Britons · Türkiye
833
+15
🇦🇷 Saracens · Argentina
821
+16
🇦🇷 Koreans · Argentina
862
-17
🇦🇺 Romans · Australia
828
-15
🇮🇳 Teutons · India
819
-15
🇦🇺 Gurjaras · Australia
745
-16
ryioze
14:02 Feudal Age
15:23 Stone Mining
15:20 Double-Bit Axe
15:16 Horse Collar
19:40 Castle Age
19:24 Gold Mining
24:27 Bow Saw
24:53 Gold Shaft Mining
29:29 Caravan
29:53 Heavy Plow
33:11 Imperial Age
31:08 Padded Archer Armor
30:58 Fletching
31:34 Heated Shot
31:26 Treadmill Crane
31:58 Masonry
31:58 Loom
32:48 Wheelbarrow
31:59 Town Watch
33:28 Yeomen
33:58 Leather Archer Armor
33:39 Bodkin Arrow
34:06 Ballistics
35:02 Two-Man Saw
34:33 Elite Longbowman
36:15 Ring Archer Armor
35:45 Bracer
36:47 Forging
36:40 Bracer
38:10 Chemistry
37:41 Architecture
42:07 Siege Engineers
43:25 Hand Cart
43:11 Town Patrol
TrueCrime
0:29 Loom
13:51 Feudal Age
23:17 Castle Age
21:07 Double-Bit Axe
24:53 Wheelbarrow
24:23 Padded Archer Armor
24:13 Fletching
25:39 Leather Archer Armor
26:31 Horse Collar
28:24 Gold Mining
30:33 Forging
32:33 Iron Casting
33:02 Gold Shaft Mining
33:31 Bow Saw
34:19 Heavy Plow
36:08 Hand Cart
36:18 Bodkin Arrow
39:56 Imperial Age
39:00 Caravan
39:50 Stone Mining
40:08 Scale Barding Armor
40:57 Drill
40:58 Conscription
42:10 Blast Furnace
40:39 Heavy Scorpion
42:24 Chemistry
41:45 Ballistics
42:16 Capped Ram
43:02 Nomads
42:54 Onager
45:35 Siege Onager
47:08 Siege Engineers
Örfdemadafaka
0:28 Loom
16:47 Feudal Age
20:22 Castle Age
18:53 Horse Collar
20:06 Double-Bit Axe
23:38 Heavy Plow
26:36 Wheelbarrow
27:44 Bow Saw
27:41 Town Watch
28:20 Stone Mining
30:12 Caravan
31:19 Hand Cart
32:11 Stone Shaft Mining
31:26 Gold Mining
32:41 Husbandry
32:52 Bloodlines
34:20 Forging
34:15 Scale Barding Armor
35:05 Town Patrol
40:37 Imperial Age
40:48 Cavalier
42:06 Iron Casting
41:36 Scale Barding Armor
42:19 Double Crossbow
42:39 Conscription
41:40 Elite Ballista Elephant
44:55 Tusk Swords
44:25 Sappers
45:31 Hoardings
Atrehus
5:42 Loom
11:32 Feudal Age
11:56 Horse Collar
12:03 Double-Bit Axe
12:56 Gold Mining
16:18 Town Watch
17:38 Wheelbarrow
19:15 Castle Age
18:14 Stone Mining
18:22 Fletching
23:19 Bow Saw
25:30 Wheelbarrow
25:59 Heavy Plow
26:48 Scale Barding Armor
28:02 Forging
31:12 Iron Casting
32:12 Gold Shaft Mining
32:00 Chain Barding Armor
34:16 Imperial Age
32:19 Hand Cart
33:00 Bimaristan
33:01 Bodkin Arrow
33:49 Town Patrol
34:01 Masonry
34:02 Fortified Wall
34:21 Ballistics
34:05 Padded Archer Armor
36:20 Redemption
36:45 Conscription
37:03 Hoardings
36:56 Block Printing
37:02 Sanctity
36:55 Fervor
37:14 Illumination
37:44 Counterweights
39:00 Chemistry
38:08 Siege Engineers
38:44 Elite Mameluke
39:37 Thumb Ring
38:53 Crossbowman
40:26 Plate Barding Armor
41:10 Elite Skirmisher
45:51 Blast Furnace
46:23 Bracer
46:33 Arrowslits
46:41 Guard Tower
48:04 Two-Man Saw
47:41 Atonement
48:29 Theocracy
Banana Cop
12:45 Feudal Age
15:02 Wheelbarrow
16:00 Double-Bit Axe
16:07 Gold Mining
21:33 Castle Age
21:26 Horse Collar
21:38 Stone Mining
22:45 Heavy Plow
23:21 Gold Shaft Mining
23:32 Bow Saw
25:42 Hand Cart
26:21 Man-at-Arms
27:45 Forging
27:32 Long Swordsman
30:36 Iron Casting
30:01 Scale Mail Armor
33:41 Imperial Age
32:30 Squires
32:47 Chain Mail Armor
33:27 Ballistics
33:03 Murder Holes
33:50 Legionary
35:16 Conscription
37:56 Blast Furnace
38:50 Heavy Scorpion
44:22 Siege Engineers
Robbin' Frog
6:14 Loom
19:36 Feudal Age
21:19 Wheelbarrow
20:29 Town Watch
29:39 Castle Age
28:40 Bloodlines
28:27 Horse Collar
28:59 Scale Barding Armor
29:08 Forging
28:52 Fletching
28:56 Arson
28:32 Man-at-Arms
29:55 Stone Mining
29:59 Gold Mining
30:28 Double-Bit Axe
30:57 Husbandry
30:19 Light Cavalry
34:55 Hand Cart
34:40 Town Patrol
Facuxx26
0:32 Loom
17:49 Feudal Age
21:07 Wheelbarrow
21:39 Double-Bit Axe
24:06 Castle Age
22:07 Horse Collar
22:46 Stone Mining
31:10 Gold Mining
33:26 Crossbowman
38:55 Imperial Age
36:58 Heavy Plow
37:40 Thumb Ring
37:46 Fletching
38:21 Elite Skirmisher
40:10 Conscription
39:22 Arbalester
41:28 Bow Saw
44:23 Caravan
vinsin4105
0:43 Loom
12:24 Feudal Age
18:49 Castle Age
17:00 Double-Bit Axe
16:59 Horse Collar
23:54 Wheelbarrow
26:21 Imperial Age
25:36 Ballistics
25:25 Gold Mining
28:51 Chemistry
27:49 Fletching
28:25 Crenellations
28:27 Conscription
29:10 Hand Cart
28:44 Town Watch
29:22 Bodkin Arrow
34:08 Ironclad
35:04 Bloodlines
35:22 Cavalier
36:16 Heavy Scorpion
38:21 Caravan
38:05 Onager
39:36 Heavy Plow
39:49 Bow Saw
39:55 Masonry
42:20 Pikeman
43:00 Squires
42:46 Arson
43:14 Forging
43:05 Scale Mail Armor
43:30 Town Patrol
42:55 Halberdier
43:59 Fortified Wall
43:35 Arrowslits
43:57 Siege Engineers
48:13 Iron Casting
47:54 Chain Mail Armor
Connection lost

Rejoining the realm…

Still unreachable

The connection could not be restored.

Session expired

The server has moved on; the page needs a fresh start.